 Dungeon Crawl Stone Soup version 0.27.1-33-g824d729ab1 (webtiles) character file.

Game seed: 5488808838445420803

16 Descartes the Magician (level 2, -1/13 HPs)
             Began as a Spriggan Wanderer on Dec 9, 2021.
             Frozen to death by an endoplasm (3 damage)
             ... on level 1 of the Dungeon.
             The game lasted 00:02:44 (1042 turns).

Descartes the Magician (Spriggan Wanderer)          Turns: 1042, Time: 00:02:45

Health: -1/13      AC:  2    Str:  7    XL:     2   Next: 41%
Magic:  8/8        EV: 15    Int: 12    God:
Gold:   16         SH:  0    Dex: 16    Spells: 8/9 levels left

rFire    . . .     SeeInvis +   a - +0 dagger
rCold    . . .     Faith    .   (shield restricted)
rNeg     . . .     Spirit   .   b - +0 robe
rPois    .         Reflect  .   (helmet restricted)
rElec    .         Harm     .   (no cloak)
rCorr    .         Rampage  .   (gloves unavailable)
Will     .....                  (boots unavailable)
Stlth    ++........             (no amulet)
HPRegen  0.04/turn              (no ring)
MPRegen  0.11/turn              (no ring)

@: very quick
A: very small, no large weapons, unfitting armour, see invisible, speed 3
a: no special abilities


You were on level 1 of the Dungeon.
You visited 1 branch of the dungeon, and saw 1 of its levels.

You collected 16 gold pieces.

Inventory:

Hand Weapons
 a - a +0 dagger (weapon)
Armour
 b - a +0 robe (worn)
Scrolls
 c - a scroll of vulnerability {unknown}


   Skills:
 + Level 0.5 Short Blades
 + Level 0.6 Dodging
 + Level 3.2 Stealth
 - Level 4.0 Spellcasting
 + Level 0.2 Conjurations
 + Level 2.6 Hexes
 + Level 2.8 Air Magic
 + Level 0.5 Poison Magic


You had 8 spell levels left.
You knew the following spells:

 Your Spells              Type           Power      Damage    Failure   Level
a - Magic Dart            Conj           12%        1d3       21%         1

Your spell library contained the following spells:

 Spells                   Type           Power      Damage    Failure   Level
 Slow                     Hex            8%         N/A       11%         2
 Poisonous Vapours        Pois/Air       12%        N/A       17%         2
 Static Discharge         Conj/Air       6%         N/A       19%         2
 Freeze                   Ice            8%         1d3       22%         1
 Blink                    Tloc           N/A        N/A       32%         2
 Call Imp                 Summ           2%         N/A       32%         2
 Mephitic Cloud           Conj/Pois/Air  5%         N/A       38%         3
 Conjure Flame            Conj/Fire      2%         6-21      54%         3
 Frozen Ramparts          Ice            4%         1d2       54%         3


Dungeon Overview and Level Annotations

Branches:
Dungeon (1/15)

Altars:


Innate Abilities, Weirdness & Mutations

You are very small and have problems with some larger weapons.
You are too small for most types of armour.
You have supernaturally acute eyesight. (SInv)
You cover ground extremely quickly. (Speed+++)


Message History

A bat comes into view.
An endoplasm comes into view.
Found a pair of boots and a ring mail.
The helpless bat fails to defend itself.
You puncture the bat!
You kill the bat!
Found a stone staircase leading down.
You see here a bat corpse.
A jackal comes into view. 2 ball pythons, 2 jackals and a goblin come into view.
The jackal barks!
The ball python hisses angrily.
The endoplasm quivers.
The endoplasm misses you.
The jackal barks!
The goblin shouts!
The ball python hisses angrily.
You hit the endoplasm but do no damage. The endoplasm freezes you.
You are frozen.
You hit the endoplasm.
The endoplasm is moderately wounded.
The endoplasm freezes you.
You are frozen.
You are too injured to fight recklessly!
You are too injured to fight recklessly!
You are too injured to fight recklessly!
You hit the endoplasm.
The endoplasm is severely wounded.
The endoplasm hits you.
You hit the endoplasm but do no damage.
The endoplasm is severely wounded.
The endoplasm closely misses you.
You hit the endoplasm but do no damage.
The endoplasm is severely wounded.
The endoplasm freezes you.
You are frozen.
* * * LOW HITPOINT WARNING * * *
You hit the endoplasm but do no damage.
The endoplasm is severely wounded.
The endoplasm freezes you.
You are frozen.
You die... ....... ....... ## ....... .### S...... ...# ###### hS.....

##.# #....#
....... #.#
#....##Sg..... #.#
#..†.@Jh......
#.##
#....##S.#####
#..# ####....##[##
##.###
#.........[#
#...###.##....####
###..#..##....#
###.....####.###
##...##.## ..#
#..####.# .##


You could see an endoplasm, a jackal, a goblin and 2 ball pythons.

Vanquished Creatures
  2 ball pythons (D:1)
  A bat (D:1)
  An endoplasm (D:1)
  A giant cockroach (D:1)
  A goblin (D:1)
  2 hobgoblins (D:1)
  A quokka (D:1)
  2 frilled lizards (D:1)
  A kobold (D:1)
  3 rats (D:1)
15 creatures vanquished.

Notes
Turn   | Place    | Note
-------+----------+-------------------------------------------
     0 | D:1      | Descartes the Spriggan Wanderer began the quest for the
                  | Orb.
     0 | D:1      | Descartes set off with the following items: a +0 dagger, a
                  | +0 robe; and the following spells available to memorise:
                  | Slow, Poisonous Vapours, Static Discharge, Freeze, Magic
                  | Dart, Blink, Call Imp, Mephitic Cloud, Conjure Flame,
                  | Frozen Ramparts
     0 | D:1      | Reached XP level 1. HP: 9/9 MP: 6/6
     2 | D:1      | Learned a level 1 spell: Magic Dart
   398 | D:1      | Reached XP level 2. HP: 4/13 MP: 8/8
   710 | D:1      | Found a faded altar of an unknown god.
  1042 | D:1      | Frozen to death by an endoplasm

Illustrated notes

Levels and vault maps discovered:
D:1:      amcnicky_arrival_double_pillar, layout_rooms,
          shapermc_ecumenical_altar_mp_vishouse, nrook_loot_triangle

Action                   || total
-------------------------++-------
Melee: Dagger            ||    62
 Stab: Sleeping          ||     7
Armor: Robe              ||     4
Dodge: Dodged            ||    34
